 Dungeon Crawl Stone Soup version 0.29-a0-330-g52719c12eb (webtiles) character file.

Game seed: 6503162046309851472

674 Sirrus the Skirmisher (level 7, 0/62 HPs)
             Began as a Minotaur Fighter on May 15, 2022.
             Slain by an orc warrior
             ... wielding a +0 dire flail
              (8 damage)
             ... on level 4 of the Dungeon on May 17, 2022.
             The game lasted 01:49:24 (4905 turns).

Sirrus the Skirmisher (Minotaur Fighter)            Turns: 4905, Time: 01:49:26

Health: 0/62       AC:  9    Str: 23    XL:     7   Next: 33%
Magic:  6/6        EV: 10    Int:  5    God:
Gold:   149        SH:  5    Dex:  9    Spells: 6/6 levels left

rFire   . . .      SeeInvis +   a - +2 mace (protect)
rCold   . . .      Faith    .   c - +0 buckler
rNeg    . . .      Spirit   .   d - +1 ring mail {Will+}
rPois   .          Reflect  .   (helmet restricted)
rElec   .          Harm     .   H - +0 cloak
rCorr   .          Rampage  .   g - +0 pair of gloves
Will    +....                   (no boots)
Stlth   ..........              (no amulet)
HPRegen 0.20/turn               r - ring of see invisible
MPRegen 0.10/turn               (no ring)

@: no status effects
A: horns 2, retaliatory headbutt, screaming 1
a: no special abilities


You were on level 4 of the Dungeon.
You visited 1 branch of the dungeon, and saw 5 of its levels.
You also visited: Sewer.

You collected 206 gold pieces.
You spent 57 gold pieces at shops.

Inventory:

Hand Weapons
 a - a +2 mace of protection (weapon)
 b - a +1 hunting sling of flaming
 t - a +2 hand axe of freezing
 y - a +0 mace of protection
 G - a +4 quarterstaff of chaos
 I - a +2 dagger of venom
Missiles
 k - a throwing net
 s - 12 poisoned darts (quivered)
Armour
 c - a +0 buckler (worn)
 d - a +1 ring mail of willpower (worn)
 g - a +0 pair of gloves (worn)
 o - a +0 plate armour
 E - the +2 leather armour of the Ubiquitous God {Contam rElec rF+ Dex+2}
   (You found it on level 3 of the Dungeon)

   Dex:       It affects your dexterity (+2).
   rF:        It protects you from fire.
   rElec:     It insulates you from electricity.
   Contam:    It causes magical contamination when unequipped.
 H - a +0 cloak (worn)
Jewellery
 r - a ring of see invisible (left hand)
Wands
 w - a wand of flame (16)
 D - a wand of charming (2)
Scrolls
 e - 4 scrolls of immolation {unknown}
 f - 2 scrolls of amnesia {unknown}
 h - 8 scrolls of identify {unknown}
 j - a scroll of noise {unknown}
 p - 4 scrolls of teleportation {unknown}
 v - a scroll of summoning {unknown}
 x - 2 scrolls of blinking {unknown}
 z - 2 scrolls of fear {unknown}
 B - a scroll of magic mapping {unknown}
 C - a scroll of enchant weapon {unknown}
Potions
 i - 2 potions of cancellation {unknown}
 l - a potion of curing
 m - 2 potions of invisibility {unknown}
 n - a potion of resistance {unknown}
 q - a potion of heal wounds {unknown}
 u - a potion of lignification {unknown}
 A - 5 potions of degeneration
 F - 3 potions of flight


   Skills:
 + Level 5.6 Fighting
 - Level 2.8 Short Blades
 - Level 2.6(3.0) Axes
 + Level 2.0(2.7) Maces & Flails
 + Level 3.5 Slings
 + Level 5.6 Armour
 + Level 5.6 Shields


You had 6 spell levels left.
You didn't know any spells.
Your spell library contained the following spells:

 Spells                   Type           Power      Damage    Failure   Level
 Summon Small Mammal      Summ           0%         N/A       71%         1
 Call Canine Familiar     Summ           0%         N/A       97%         3
 Summon Guardian Golem    Hex/Summ       0%         N/A       97%         3


Dungeon Overview and Level Annotations

Branches:
Dungeon (5/15)              Sewer (visited)
 Temple: D:4-7

Altars:
Qazlal
Wu Jian
Yredelemnul

Shops:
D:1 *

Annotations:
D:4 2 transporters, DuloT34's ghost, amateur DjFE


Innate Abilities, Weirdness & Mutations

You have a pair of horns on your head.
You reflexively headbutt those who attack you in melee.
You occasionally shout uncontrollably at your foes.


Message History

The hound bites you but does no damage.
An orc comes into view. It is wielding a +0 hand axe.
An orc priest comes into view. It is wielding a +0 club.
The hound bites you.
You hear a shout! x2
Found 16 gold pieces.
Found an ornate altar of the Wu Jian Council.
Found a stone staircase leading up.
There is a stone staircase leading up here.
The orc shouts!
The hound bites you but does no damage. The hound barely misses you.
The orc wizard points at you and mumbles some strange words.
The puff of flame misses you.
The orc priest mumbles some strange prayers to Beogh against you.
Beogh smites you!
* * * LOW HITPOINT WARNING * * *
The orc warrior hits you with a +0 dire flail.
* * * LOW HITPOINT WARNING * * *
The hound barely misses you.
You climb upwards.
Level annotation: 2 transporters, DuloT34's ghost, amateur DjFE
There is a stone staircase leading down here.
You feel better. The hound bites you but does no damage.
The orc warrior hits you with a +0 dire flail.
* * * LOW HITPOINT WARNING * * *
Unknown command.
You hit the orc warrior.
Your weapon exudes an aura of protection.
The orc warrior is moderately wounded.
The hound misses you. You block the orc warrior's attack.
The hound closely misses you.
You feel better. The hound bites you but does no damage.
The orc warrior misses you. The hound bites you but does no damage.
You barely miss the orc warrior.
The orc warrior is moderately wounded.
The orc warrior hits you with a +0 dire flail.
* * * LOW HITPOINT WARNING * * *
The hound bites you but does no damage.
The orc warrior hits you with a +0 dire flail!
You die...

#########
#@o......
#h###########
#oh..........
#.###...####
#.# #$#.# #.#
#.#.#
###.###.#.#
(..>......##
####.......#


You could see an orc warrior, 2 hounds and an orc.

Vanquished Creatures
  A black bear (D:4)
  A bullfrog (D:5)
  A necrophage (D:4)
  The ghost of surr the Gusty, a weakling OgAE (D:3)
  A jelly (D:4)
  An orc priest (D:4)
  Crazy Yiuf (D:3)
  Terence (D:3)
  An orc wizard (D:5)
  2 hound zombies (D:3)
  9 adders
  5 river rats
  2 worms
  3 dart slugs
  8 orcs
  3 endoplasms
  4 giant cockroaches
  5 goblins
  5 hobgoblins
  6 jackals
  3 kobolds
  7 quokkas
  16 ball pythons
  15 bats
  7 frilled lizards
  11 rats
120 creatures vanquished.

Vanquished Creatures (others)
  8 plants (D:3)
8 creatures vanquished.

Grand Total: 128 creatures vanquished

Notes
Turn   | Place    | Note
-------+----------+-------------------------------------------
     0 | D:1      | Sirrus the Minotaur Fighter began the quest for the Orb.
     0 | D:1      | Reached XP level 1. HP: 19/19 MP: 0/0
   153 | D:1      | Reached XP level 2. HP: 23/27 MP: 1/1
   330 | D:1      | Found Dued Turgh's Assorted Antiques.
   350 | D:1      | Bought a bubbling cyan potion for 19 gold pieces
   350 | D:1      | Bought a fuming red potion for 19 gold pieces
   350 | D:1      | Bought a fuming pink potion for 19 gold pieces
   384 | D:1      | Found a faded altar of an unknown god.
   723 | D:1      | Reached skill level 1 in Slings
  1118 | D:1      | Reached XP level 3. HP: 30/33 MP: 2/2
  1216 | D:2      | Reached skill level 1 in Short Blades
  1538 | D:2      | Reached XP level 4. HP: 31/40 MP: 3/3
  1886 | D:3      | Noticed Terence
  1915 | D:3      | Killed Terence
  2468 | D:3      | Found a runed translucent door.
  2468 | D:3      | Noticed surr's ghost (weakling OgAE)
  2513 | D:3      | Reached XP level 5. HP: 40/47 MP: 4/4
  2563 | D:3      | Found a basalt altar of Yredelemnul.
  2815 | D:3      | Identified the +2 leather armour of the Ubiquitous God
                  | {Contam rElec rF+ Dex+2}
  2921 | D:3      | Killed surr's ghost
  3126 | D:3      | Found a runed translucent door.
  3127 | D:3      | Noticed Crazy Yiuf
  3142 | D:3      | Gained mutation: You occasionally shout uncontrollably at
                  | your foes. [mutagenic glow]
  3152 | D:3      | Killed Crazy Yiuf
  3661 | D:4      | Found a transporter.
  3667 | D:4      | Noticed DuloT34's ghost (amateur DjFE)
  3669 | D:5      | Entered Level 5 of the Dungeon
  3686 | D:5      | Found a stormy altar of Qazlal.
  3749 | D:5      | Reached skill level 5 in Fighting
  3749 | D:5      | Reached XP level 6. HP: 23/56 MP: 5/5
  3753 | D:5      | Reached skill level 5 in Shields
  3946 | D:5      | Found a glowing drain.
  3952 | Sewer    | Entered a sewer
  3961 | Sewer    | Reached skill level 5 in Armour
  4419 | Sewer    | Reached skill level 1 in Maces & Flails
  4674 | D:4      | Reached XP level 7. HP: 61/61 MP: 6/6
  4700 | D:4      | Found a transporter.
  4899 | D:5      | Found an ornate altar of the Wu Jian Council.
  4905 | D:4      | Slain by an orc warrior

Illustrated notes

Levels and vault maps discovered:
D:1:      beargit_arrival_diablo_church, layout_basic, serial_shops, shop,
          hellmonk_ecumenical_altar_heavens_door, minivault_14,
          minmay_heptomino_w4
D:2:      layout_rooms, hangedman_decor_points, chequers_avenue
D:3:      layout_loops_corners, lemuel_zombie_altar_yredelemnul,
          hellmonk_ghost_happy_afterlife, serial_forest,
          infiniplex_forest_clump_diagonal, infiniplex_forest_lined_4_way,
          infiniplex_forest_straight_4, infiniplex_forest_lined_ring,
          infiniplex_forest_lined_room_3, infiniplex_forest_zigzag_1,
          infiniplex_forest_clump_curved, infiniplex_forest_clump_tiny,
          infiniplex_forest_clump_double, infiniplex_forest_clump_small,
          minmay_misc_feat_encased, uniq_terence, uniq_crazy_yiuf_cottage
D:4:      layout_basic, trog_three_pillars_becter, gammafunk_ghost_arena,
          uniq_pikel
D:5:      layout_layer_cave, general_overflow_altar,
          mainiacjoe_overflow_boulevard, minmay_temple_entry_gardened_gates,
          portal_sewer_entry_e

Skill      XL: |  1  2  3  4  5  6  7 |
---------------+----------------------+-----
Slings         | 1 2 3 |  3.5
Armour         | 4 5 |  5.6
Fighting       | 4 5 |  5.6
Shields        | 4 5 |  5.6
Short Blades   | 1 2 |  2.8
Maces & Flails | 1 2 |  2.0
Axes           | |  2.6

Action                   |  1- 3 |  4- 6 |  7- 9 || total
-------------------------+-------+-------+-------++-------
Melee: War axe           |    10 |       |       ||    10
       Headbutt          |    10 |    22 |     3 ||    35
       Dagger            |    34 |    58 |       ||    92
       Mace              |       |    69 |    22 ||    91
 Fire: Hunting sling     |    71 |   120 |     7 ||   198
Throw: Throwing net      |       |     3 |       ||     3
       Dart              |       |     1 |     2 ||     3
  Use: Potion            |       |     4 |     2 ||     6
Armor: Scale mail        |     8 |       |       ||     8
       Plate armour      |    41 |    72 |       ||   113
       Ring mail         |       |    39 |    26 ||    65
       Leather armour    |       |     1 |       ||     1
Dodge: Dodged            |    20 |    78 |    23 ||   121
Block: Buckler           |    20 |    52 |    10 ||    82

Table legend: (Time is in decaauts)
 A = Elapsed time spent in this place.
 B = Non-inter-level travel time spent in this place.
 C = Inter-level travel time spent in this place.
 D = Time resting spent in this place.
 E = Time spent auto-exploring this place.
 F = Levels seen in this place.
 G = Mean time per level.
                   A        B        C        D        E       F      G
               +--------+--------+--------+--------+--------+-----+--------+
         Total |   5142 |   5029 |    113 |   1111 |   1451 |   6 |  857.0 |
       Dungeon |   4452 |   4339 |    113 |   1042 |   1244 |   5 |  890.4 |
         Sewer |    689 |    689 |      0 |     69 |    207 |   1 |  689.0 |
               +--------+--------+--------+--------+--------+-----+--------+

Top non-repeatable levels by time:
     D:3: 1685 daAuts
     D:1: 1134 daAuts
     D:2: 884 daAuts
   Sewer: 689 daAuts
     D:4: 403 daAuts
     D:5: 345 daAuts
